Hurricanes vs Panthers

Created - Monday, April 11, 2016 at 02:26

Goals
1 2 3 T
Hurricanes 3 3 2 8
Panthers 1 0 2 3
Shots
1 2 3 T
Hurricanes 14 15 7 36
Panthers 10 10 10 30

1st period

1. Hurricanes , Marian Gaborik 62 (Josh Bailey, Stephane Robidas) at 1:45 (PP)
2. Hurricanes , Mike Fisher 32 (Marian Gaborik) at 4:12
3. Panthers , Adam Larsson 6 (Kevin Hayes, Alexander Semin) at 9:08
4. Hurricanes , Jared Spurgeon 4 (Martin Hanzal, Mikhail Grabovski) at 17:42

Penalties :
Ryan Johansen (Fla) for Boarding (Minor) at 0:29, Robert Bortuzzo (Fla) for Holding Stick (Minor) at 5:10, Charlie Coyle (Fla) for Tripping (Minor) at 18:41

2nd period

5. Hurricanes , Thomas Hickey 10 (Eric Staal, Jared Spurgeon) at 0:56
6. Hurricanes , Marian Gaborik 63 (Mike Weaver) at 11:55
7. Hurricanes , Eric Staal 50 (Jiri Hudler) at 19:02 (PP)

Penalties :
Calvin de Haan (Fla) for High sticking (Minor) at 0:59, Alexander Semin (Fla) for Hooking (Minor) at 6:53, Mike Fisher (Car) for Cross-checking (Minor) at 13:06, Kris Versteeg (Car) for Tripping (Minor) at 15:59, Alexander Semin (Fla) for Roughing (Minor) at 18:43

3rd period

8. Hurricanes , Jiri Hudler 57 (Jared Spurgeon) at 3:36
9. Panthers , Alex Galchenyuk 33 (Ryan Johansen) at 3:40
10. Panthers , Jakob Silfverberg 16 (Nino Niederreiter) at 8:12
11. Hurricanes , Mike Fisher 33 (Marco Scandella, Thomas Hickey) at 10:55 (PP)

Penalties :
Charlie Coyle (Fla) for Tripping (Minor) at 9:42

Goalie Stats

Brian Elliott (Car), 27 saves from 30 shots - (0.900), W, 33-18-3, 60:00 minutes
Kevin Poulin (Fla), 12 saves from 16 shots - (0.750), L, 14-47-1, 20:56 minutes
Robin Lehner (Fla), 16 saves from 20 shots - (0.800), 39:04 minutes

Players Stats for Hurricanes

Player Name              G  A  P  +/- PIM S  H  SB GA TA FO     MP     PP MP  PK MP  
------------------------------------------------------------------------------------
Andrew Ebbett            0  0  0   0  0   2  0  0  2  0  2/7    11:20   0:00   2:18 
Eric Staal               1  1  2   1  0   7  4  0  2  0  10/16  17:06   5:55   0:00 
Fedor Tyutin             0  0  0   1  0   1  2  3  0  0  0/0    15:45   0:00   2:36 
Jared Spurgeon           1  2  3   0  0   5  1  1  0  2  0/0    21:55   5:22   1:22 
Jiri Hudler              1  1  2   1  0   2  0  1  5  0  1/2    17:06   5:55   0:00 
Josh Bailey              0  1  1   1  0   0  1  0  0  0  1/2    18:26   4:49   0:00 
Kris Versteeg            0  0  0   1  2   0  2  0  0  0  0/1    17:23   5:55   0:00 
Marco Scandella          0  1  1   1  0   1  0  2  0  0  0/0    22:20   5:22   0:00 
Marian Gaborik           2  1  3   1  0   5  0  0  0  0  0/0    18:26   4:49   0:00 
Martin Hanzal            0  1  1   0  0   0  1  0  1  0  3/9    13:08   0:00   1:40 
Matt Read                0  0  0   0  0   3  0  0  2  1  0/0    13:08   0:00   1:40 
Mike Fisher              2  0  2   1  2   3  2  1  6  0  8/11   18:54   4:49   0:00 
Mike Weaver              0  1  1   1  0   0  0  2  0  1  0/0    15:45   0:00   2:36 
Mikhail Grabovski        0  1  1   0  0   0  0  0  2  0  0/0    10:59   0:00   0:00 
Stephane Robidas         0  1  1   0  0   4  1  3  0  2  0/0    21:55   5:22   1:22 
Stephen Gionta           0  0  0   0  0   0  1  0  1  0  0/1    11:20   0:00   2:18 
Thomas Hickey            1  1  2   1  0   1  2  5  0  2  0/0    22:20   5:22   0:00 
Viktor Stalberg          0  0  0   0  0   2  0  0  2  0  0/0     8:44   0:00   0:00 

Players Stats for Panthers

Player Name              G  A  P  +/- PIM S  H  SB GA TA FO     MP     PP MP  PK MP  
------------------------------------------------------------------------------------
Adam Larsson             1  0  1  -2  0   3  2  4  0  1  0/0    23:05   2:15   8:26 
Alex Galchenyuk          1  0  1  -1  0   2  2  0  3  1  1/2    21:57   2:19   7:47 
Alexander Semin          0  1  1  -2  4   0  0  0  3  0  4/9    21:41   1:39   6:24 
Brad Boyes               0  0  0   0  0   4  0  0  1  2  0/2    17:57   2:19   3:01 
Calvin de Haan           0  0  0   1  2   0  0  1  0  1  0/0    12:26   0:00   0:00 
Carlo Colaiacovo         0  0  0  -1  0   1  1  1  0  0  0/0     6:12   0:00   0:32 
Charlie Coyle            0  0  0  -1  4   2  2  0  0  1  6/11   13:05   0:00   0:00 
Jakob Silfverberg        1  0  1   0  0   1  0  1  1  1  0/1    14:36   1:39   0:00 
Kevin Hayes              0  1  1  -1  0   2  0  0  2  1  1/4    12:44   0:33   0:00 
Lubomir Visnovsky        0  0  0   0  0   1  0  0  0  1  0/0    13:52   1:43   0:00 
Nino Niederreiter        0  1  1   0  0   2  2  0  0  1  0/0    18:08   1:39   2:27 
Paul Byron               0  0  0  -1  0   1  1  1  1  0  0/2    13:07   0:00   1:49 
Robert Bortuzzo          0  0  0   0  2   1  6  3  0  0  0/0    16:13   0:00   1:46 
Ron Hainsey              0  0  0  -3  0   4  2  2  0  1  0/0    28:33   2:15   8:26 
Ryan Johansen            0  1  1   0  2   2  2  0  1  0  10/15  19:38   1:46   0:00 
Sean Bergenheim          0  0  0   0  0   3  0  0  0  0  0/0     8:07   0:00   0:00 
Simon Despres            0  0  0   1  0   0  0  2  0  1  0/0    19:41   1:43   2:18 
Vladislav Namestnikov    0  0  0   0  0   1  0  0  0  0  2/3     8:07   0:00   0:00 

3 Stars

1 - Marian Gaborik (Car)
2 - Thomas Hickey (Car)
3 - Eric Staal (Car)

Power Play

Hurricanes - 3 on 7 Attempt(s) - 42.86%
Panthers - 0 on 2 Attempt(s) - 0.00%

Penalty Kill

Hurricanes - 2 on 2 Attempt(s) - 100.00% - Score 0 goal in Penalty Kill
Panthers - 4 on 7 Attempt(s) - 57.14% - Score 0 goal in Penalty Kill

Team Stat

Hurricanes - Hits : 17 - Faceoff Wins : 25 - Blocked Shots : 18 - Penalty Minutes : 4
Panthers - Hits : 20 - Faceoff Wins : 24 - Blocked Shots : 15 - Penalty Minutes : 14

Official

Referees : Unknown
Linesman : Unknown

Game Notes

Robin Lehner enters game at 0:56 of 2nd period
9:56 of 2nd period - Hurricanes goal is going for a video replay. After video review, No Goal. The net was displaced accidentally.

Finance

Level 1 -- Attendance: 6000 (100.00%) -- Ticket Income $510,000
Level 2 -- Attendance: 5000 (100.00%) -- Ticket Income $250,000
Level 3 -- Attendance: 1789 (89.45%) -- Ticket Income $53,670
Level 4 -- Attendance: 4000 (100.00%) -- Ticket Income $68,000
Luxury Box -- Attendance: 969 (96.90%) -- Ticket Income $169,575
Game was played at the BankAtlantic Center.
Total Attendance: 17758 (98.66%)
Total Ticket Income: $1,051,245
Other Income: $515,110
Total Income: $1,566,355

Hurricanes

5 vs 5 Forward 
   Center                   Left Wing                Right Wing               Time % Phy DF OF 
 1 Mike Fisher              Josh Bailey              Marian Gaborik           28     0   3  2  
 2 Eric Staal               Kris Versteeg            Jiri Hudler              27     0   3  2  
 3 Martin Hanzal            Mikhail Grabovski        Matt Read                25     0   2  3  
 4 Andrew Ebbett            Viktor Stalberg          Stephen Gionta           20     0   2  3  

5 vs 5 Defense 
   Defense                  Defense                                           Time % Phy DF OF 
 1 Jared Spurgeon           Stephane Robidas                                  35     0   3  2  
 2 Thomas Hickey            Marco Scandella                                   35     0   3  2  
 3 Fedor Tyutin             Mike Weaver                                       30     1   2  2  
 4 Jared Spurgeon           Stephane Robidas                                  0      0   3  2  

PowerPlay Forward 
   Center                   Left Wing                Right Wing               Time % Phy DF OF 
 1 Mike Fisher              Josh Bailey              Marian Gaborik           50     0   1  4  
 2 Eric Staal               Kris Versteeg            Jiri Hudler              50     0   1  4  

PowerPlay Defense
   Defense                  Defense                                           Time % Phy DF OF 
 1 Jared Spurgeon           Stephane Robidas                                  50     0   1  4  
 2 Thomas Hickey            Marco Scandella                                   50     0   1  4  

Penalty Kill 4 Players Forward 
   Center                   Wing                     Time % Phy DF OF 
 1 Andrew Ebbett            Stephen Gionta           50     0   4  1  
 2 Martin Hanzal            Matt Read                50     0   4  1  

Penalty Kill 4 Players Defense
   Defense                  Defense                  Time % Phy DF OF 
 1 Fedor Tyutin             Mike Weaver              50     1   4  0  
 2 Jared Spurgeon           Stephane Robidas         50     1   4  0  

Penalty Kill - 3 Players Forward 
   Forward                                           Time % Phy DF OF 
 1 Andrew Ebbett                                     50     0   5  0  
 2 Martin Hanzal                                     50     0   5  0  

Penalty Kill - 3 Players Defense
   Defense                  Defense                  Time % Phy DF OF 
 1 Fedor Tyutin             Mike Weaver              50     1   4  0  
 2 Jared Spurgeon           Stephane Robidas         50     1   4  0  

4 vs 4 Forward 
   Center                   Wing                     Time % Phy DF OF 
 1 Mike Fisher              Marian Gaborik           50     0   3  2  
 2 Eric Staal               Jiri Hudler              50     0   3  2  

4 vs 4 Defense
   Defense                  Defense                  Time % Phy DF OF 
 1 Jared Spurgeon           Stephane Robidas         50     0   2  3  
 2 Thomas Hickey            Marco Scandella          50     0   2  3  

Last Minutes Offensive
   Center                   Left Wing                Right Wing               Defense                  Defense                  
   Mike Fisher              Jiri Hudler              Marian Gaborik           Jared Spurgeon           Marco Scandella          

Last Minutes Defensive
   Center                   Left Wing                Right Wing               Defense                  Defense                  
   Mike Fisher              Andrew Ebbett            Matt Read                Fedor Tyutin             Mike Weaver              

Goaltenders
Starting : Brian Elliott            
Backup : Jonas Hiller             

Extra Forwards
Normal : Mike Fisher, Jiri Hudler, Marian Gaborik - PP : Marian Gaborik, Jiri Hudler - PK : Andrew Ebbett
Extra Defensemen
Normal : Jared Spurgeon, Fedor Tyutin, Stephane Robidas - PP : Fedor Tyutin - PK : Stephane Robidas, Fedor Tyutin
Penalty Shots
Fedor Tyutin, Andrew Ebbett, Marian Gaborik, Josh Bailey, Jiri Hudler

Panthers

5 vs 5 Forward 
   Center                   Left Wing                Right Wing               Time % Phy DF OF 
 1 Ryan Johansen            Alex Galchenyuk          Brad Boyes               35     1   2  2  
 2 Charlie Coyle            Nino Niederreiter        Jakob Silfverberg        30     1   2  2  
 3 Kevin Hayes              Paul Byron               Alexander Semin          22     1   2  2  
 4 Vladislav Namestnikov    Sean Bergenheim          Ryan Johansen            13     1   2  2  

5 vs 5 Defense 
   Defense                  Defense                                           Time % Phy DF OF 
 1 Ron Hainsey              Adam Larsson                                      35     1   2  2  
 2 Calvin de Haan           Simon Despres                                     30     1   2  2  
 3 Lubomir Visnovsky        Robert Bortuzzo                                   22     1   2  2  
 4 Carlo Colaiacovo         Ron Hainsey                                       13     1   2  2  

PowerPlay Forward 
   Center                   Left Wing                Right Wing               Time % Phy DF OF 
 1 Ryan Johansen            Alex Galchenyuk          Brad Boyes               60     1   2  2  
 2 Alexander Semin          Nino Niederreiter        Jakob Silfverberg        40     1   2  2  

PowerPlay Defense
   Defense                  Defense                                           Time % Phy DF OF 
 1 Ron Hainsey              Adam Larsson                                      60     1   2  2  
 2 Lubomir Visnovsky        Simon Despres                                     40     1   2  2  

Penalty Kill 4 Players Forward 
   Center                   Wing                     Time % Phy DF OF 
 1 Alexander Semin          Alex Galchenyuk          60     1   2  2  
 2 Brad Boyes               Nino Niederreiter        40     1   2  2  

Penalty Kill 4 Players Defense
   Defense                  Defense                  Time % Phy DF OF 
 1 Ron Hainsey              Adam Larsson             60     1   2  2  
 2 Robert Bortuzzo          Simon Despres            40     1   2  2  

Penalty Kill - 3 Players Forward 
   Forward                                           Time % Phy DF OF 
 1 Brad Boyes                                        60     1   2  2  
 2 Alex Galchenyuk                                   40     1   2  2  

Penalty Kill - 3 Players Defense
   Defense                  Defense                  Time % Phy DF OF 
 1 Ron Hainsey              Adam Larsson             60     1   2  2  
 2 Lubomir Visnovsky        Simon Despres            40     1   2  2  

4 vs 4 Forward 
   Center                   Wing                     Time % Phy DF OF 
 1 Paul Byron               Alex Galchenyuk          60     1   2  2  
 2 Brad Boyes               Nino Niederreiter        40     1   2  2  

4 vs 4 Defense
   Defense                  Defense                  Time % Phy DF OF 
 1 Ron Hainsey              Adam Larsson             60     1   2  2  
 2 Carlo Colaiacovo         Simon Despres            40     1   2  2  

Last Minutes Offensive
   Center                   Left Wing                Right Wing               Defense                  Defense                  
   Ryan Johansen            Alex Galchenyuk          Brad Boyes               Ron Hainsey              Adam Larsson             

Last Minutes Defensive
   Center                   Left Wing                Right Wing               Defense                  Defense                  
   Ryan Johansen            Alex Galchenyuk          Brad Boyes               Ron Hainsey              Adam Larsson             

Goaltenders
Starting : Kevin Poulin             
Backup : Robin Lehner             

Extra Forwards
Normal : Alexander Semin, Kevin Hayes, Paul Byron - PP : Alexander Semin, Kevin Hayes - PK : Paul Byron
Extra Defensemen
Normal : Lubomir Visnovsky, Robert Bortuzzo, Carlo Colaiacovo - PP : Lubomir Visnovsky - PK : Robert Bortuzzo, Carlo Colaiacovo
Penalty Shots
Ryan Johansen, Alex Galchenyuk, Brad Boyes, Nino Niederreiter, Paul Byron

% Time on Ice - Hurricanes

Lines # - Real PCT - Wanted PCT - Time Play
Normal Forward
1 - 31% - 28% - 13:55
2 - 26% - 27% - 11:40
3 - 24% - 25% - 10:59
4 - 19% - 20% - 8:44
Normal Defense
1 - 33% - 35% - 15:00
2 - 39% - 35% - 17:27
3 - 28% - 30% - 12:51
4 - 0% - 0% - 0:00
PP Forward
1 - 45% - 50% - 4:49
2 - 55% - 50% - 5:55
PP Defense
1 - 50% - 50% - 5:22
2 - 50% - 50% - 5:22
PK Forward
1 - 58% - 50% - 2:18
2 - 42% - 50% - 1:40
PK Defense
1 - 66% - 50% - 2:36
2 - 34% - 50% - 1:22
PK3 Forward
1 - 0% - 50%
2 - 0% - 50%
PK3 Defense
1 - 0% - 50%
2 - 0% - 50%
44 Forward
1 - 0% - 50%
2 - 0% - 50%
44 Defense
1 - 0% - 50%
2 - 0% - 50%
Last Minute Offensive  - 0:00
Last Minute Defensive  - 0:00
Total
Forward - 60:00
Defense - 60:00

% Time on Ice - Panthers

Lines # - Real PCT - Wanted PCT - Time Play
Normal Forward
1 - 26% - 35% - 11:51
2 - 31% - 30% - 14:02
3 - 25% - 22% - 11:18
4 - 18% - 13% - 8:07
Normal Defense
1 - 27% - 35% - 12:24
2 - 35% - 30% - 15:40
3 - 26% - 22% - 11:46
4 - 12% - 13% - 5:28
PP Forward
1 - 58% - 60% - 2:19
2 - 42% - 40% - 1:39
PP Defense
1 - 57% - 60% - 2:15
2 - 43% - 40% - 1:43
PK Forward
1 - 77% - 60% - 8:17
2 - 23% - 40% - 2:27
PK Defense
1 - 79% - 60% - 8:26
2 - 21% - 40% - 2:18
PK3 Forward
1 - 0% - 60%
2 - 0% - 40%
PK3 Defense
1 - 0% - 60%
2 - 0% - 40%
44 Forward
1 - 0% - 60%
2 - 0% - 40%
44 Defense
1 - 0% - 60%
2 - 0% - 40%
Last Minute Offensive  - 0:00
Last Minute Defensive  - 0:00
Total
Forward - 60:00
Defense - 60:00

Play by Play

1st period


0:01 of 1st period - Mike Fisher wins face-off versus Ryan Johansen in neutral zone.
0:22 of 1st period - Slapshot by Mike Fisher.
0:22 of 1st period - Shot Misses the Net.
0:29 of 1st period - Minor Penalty to Ryan Johansen for Boarding.
0:30 of 1st period - Alexander Semin wins face-off versus Eric Staal in Panthers zone.
0:30 of 1st period - Alexander Semin is hit by Eric Staal.
1:26 of 1st period - Brad Boyes is hit by Josh Bailey and loses puck.
1:33 of 1st period - Snap shot by Josh Bailey.
1:33 of 1st period - Shot Misses the Net.
1:35 of 1st period - Slapshot by Jared Spurgeon.
1:35 of 1st period - Stopped by Kevin Poulin with a rebound.
1:37 of 1st period - Slapshot by Stephane Robidas.
1:37 of 1st period - Shot Blocked by Adam Larsson.
1:45 of 1st period - Snap shot by Marian Gaborik.
1:45 of 1st period - Goal by Marian Gaborik - Hurricanes : 1 - Panthers : 0.
1:46 of 1st period - Martin Hanzal wins face-off versus Kevin Hayes in neutral zone.
2:56 of 1st period - Marco Scandella is hit by Charlie Coyle and loses puck.
3:23 of 1st period - Snap shot by Andrew Ebbett.
3:23 of 1st period - Stopped by Kevin Poulin without a rebound.
3:24 of 1st period - Ryan Johansen wins face-off versus Stephen Gionta in Panthers zone.
3:24 of 1st period - Ryan Johansen is hit by Jared Spurgeon.
3:56 of 1st period - Wrist shot by Viktor Stalberg.
3:56 of 1st period - Stopped by Kevin Poulin with a rebound.
3:58 of 1st period - Wrist shot by Stephen Gionta.
3:58 of 1st period - Shot Misses the Net.
4:00 of 1st period - Wrist shot by Stephen Gionta.
4:00 of 1st period - Shot Misses the Net.
4:10 of 1st period - Slapshot by Marian Gaborik.
4:10 of 1st period - Shot Misses the Net.
4:12 of 1st period - Wrist shot by Mike Fisher.
4:12 of 1st period - Goal by Mike Fisher - Hurricanes : 2 - Panthers : 0.
4:13 of 1st period - Charlie Coyle wins face-off versus Mike Fisher in neutral zone.
4:26 of 1st period - Wrist shot by Nino Niederreiter.
4:26 of 1st period - Stopped by Brian Elliott without a rebound.
4:27 of 1st period - Josh Bailey wins face-off versus Charlie Coyle in Hurricanes zone.
4:27 of 1st period - Josh Bailey is hit by Robert Bortuzzo.
5:10 of 1st period - Minor Penalty to Robert Bortuzzo for Holding Stick.
5:11 of 1st period - Alexander Semin wins face-off versus Eric Staal in Panthers zone.
5:31 of 1st period - Snap shot by Eric Staal.
5:31 of 1st period - Stopped by Kevin Poulin with a rebound.
5:33 of 1st period - Snap shot by Stephane Robidas.
5:33 of 1st period - Deflect By Eric Staal.
5:33 of 1st period - Stopped by Kevin Poulin with a rebound.
6:37 of 1st period - Icing by Eric Staal.
6:38 of 1st period - Eric Staal wins face-off versus Brad Boyes in Hurricanes zone.
6:45 of 1st period - Wrist shot by Jiri Hudler.
6:45 of 1st period - Shot Blocked by Carlo Colaiacovo.
7:10 of 1st period - Penalty to Robert Bortuzzo is over, Robert Bortuzzo is back on ice.
7:21 of 1st period - Slapshot by Vladislav Namestnikov.
7:21 of 1st period - Stopped by Brian Elliott without a rebound.
7:22 of 1st period - Martin Hanzal wins face-off versus Vladislav Namestnikov in Hurricanes zone.
7:35 of 1st period - Wrist shot by Matt Read.
7:35 of 1st period - Shot Misses the Net.
7:39 of 1st period - Snap shot by Matt Read.
7:39 of 1st period - Stopped by Kevin Poulin with a rebound.
7:41 of 1st period - Slapshot by Fedor Tyutin.
7:41 of 1st period - Stopped by Kevin Poulin with a rebound.
7:43 of 1st period - Snap shot by Matt Read.
7:43 of 1st period - Shot Blocked by Robert Bortuzzo.
7:45 of 1st period - Snap shot by Matt Read.
7:45 of 1st period - Shot Misses the Net.
7:47 of 1st period - Snap shot by Matt Read.
7:47 of 1st period - Stopped by Kevin Poulin without a rebound.
7:48 of 1st period - Andrew Ebbett wins face-off versus Jakob Silfverberg in Panthers zone.
8:25 of 1st period - Calvin de Haan is hit by Stephane Robidas and loses puck.
9:06 of 1st period - Snap shot by Kevin Hayes.
9:06 of 1st period - Stopped by Brian Elliott with a rebound.
9:08 of 1st period - Slapshot by Adam Larsson.
9:08 of 1st period - Goal by Adam Larsson - Hurricanes : 2 - Panthers : 1.
9:09 of 1st period - Ryan Johansen wins face-off versus Martin Hanzal in neutral zone.
10:07 of 1st period - Kris Versteeg is hit by Adam Larsson and loses puck.
10:59 of 1st period - Backhand shot by Nino Niederreiter.
10:59 of 1st period - Shot Misses the Net.
11:50 of 1st period - Snap shot by Sean Bergenheim.
11:50 of 1st period - Shot Blocked by Marco Scandella.
11:52 of 1st period - Snap shot by Sean Bergenheim.
11:52 of 1st period - Stopped by Brian Elliott with a rebound.
11:54 of 1st period - Snap shot by Ryan Johansen.
11:54 of 1st period - Shot Misses the Net.
11:56 of 1st period - Snap shot by Carlo Colaiacovo.
11:56 of 1st period - Stopped by Brian Elliott with a rebound.
11:58 of 1st period - Slapshot by Ron Hainsey.
11:58 of 1st period - Shot Blocked by Thomas Hickey.
12:00 of 1st period - Slapshot by Ron Hainsey.
12:00 of 1st period - Shot Blocked by Thomas Hickey.
12:02 of 1st period - Slapshot by Ron Hainsey.
12:02 of 1st period - Stopped by Brian Elliott with a rebound.
12:24 of 1st period - Matt Read is hit by Alex Galchenyuk and loses puck.
15:10 of 1st period - Mikhail Grabovski is hit by Robert Bortuzzo and loses puck.
15:15 of 1st period - Snap shot by Alex Galchenyuk.
15:15 of 1st period - Stopped by Brian Elliott with a rebound.
15:17 of 1st period - Slapshot by Ron Hainsey.
15:17 of 1st period - Stopped by Brian Elliott with a rebound.
15:33 of 1st period - Adam Larsson is hit by Martin Hanzal and loses puck.
15:43 of 1st period - Off-side.
15:44 of 1st period - Eric Staal wins face-off versus Ryan Johansen in neutral zone.
16:02 of 1st period - Alex Galchenyuk is hit by Kris Versteeg and loses puck.
16:31 of 1st period - Wrist shot by Marian Gaborik.
16:31 of 1st period - Deflect By Mike Fisher.
16:31 of 1st period - Shot Misses the Net.
16:31 of 1st period - Puck is out of play.
16:32 of 1st period - Mike Fisher wins face-off versus Charlie Coyle in Panthers zone.
17:15 of 1st period - Robert Bortuzzo is hit by Thomas Hickey and loses puck.
17:28 of 1st period - Snap shot by Matt Read.
17:28 of 1st period - Shot Misses the Net.
17:40 of 1st period - Slapshot by Martin Hanzal.
17:40 of 1st period - Shot Blocked by Paul Byron.
17:42 of 1st period - Slapshot by Jared Spurgeon.
17:42 of 1st period - Goal by Jared Spurgeon - Hurricanes : 3 - Panthers : 1.
17:43 of 1st period - Ryan Johansen wins face-off versus Eric Staal in neutral zone.
17:46 of 1st period - Snap shot by Alex Galchenyuk.
17:46 of 1st period - Deflect By Jared Spurgeon.
17:46 of 1st period - Shot Misses the Net.
17:46 of 1st period - Puck is out of play.
17:47 of 1st period - Eric Staal wins face-off versus Ryan Johansen in Hurricanes zone.
18:04 of 1st period - Slapshot by Brad Boyes.
18:04 of 1st period - Stopped by Brian Elliott with a rebound.
18:41 of 1st period - Minor Penalty to Charlie Coyle for Tripping.
18:42 of 1st period - Mike Fisher wins face-off versus Alexander Semin in Panthers zone.
19:36 of 1st period - Ron Hainsey is hit by Eric Staal and loses puck.
19:46 of 1st period - Wrist shot by Jared Spurgeon.
19:46 of 1st period - Shot Misses the Net.
19:48 of 1st period - Slapshot by Stephane Robidas.
19:48 of 1st period - Stopped by Kevin Poulin with a rebound.
19:50 of 1st period - Slapshot by Jared Spurgeon.
19:50 of 1st period - Deflect By Eric Staal.
19:50 of 1st period - Stopped by Kevin Poulin with a rebound.
19:52 of 1st period - Slapshot by Jared Spurgeon.
19:52 of 1st period - Deflect By Eric Staal.
19:52 of 1st period - Stopped by Kevin Poulin with a rebound.
Goals for this period are 3 for Hurricanes vs 1 for Panthers.
Shots for this period are 14 for Hurricanes vs 10 for Panthers.

2nd period


0:01 of 2nd period - Alexander Semin wins face-off versus Josh Bailey in neutral zone.
0:41 of 2nd period - Penalty to Charlie Coyle is over, Charlie Coyle is back on ice.
0:54 of 2nd period - Wrist shot by Eric Staal.
0:54 of 2nd period - Stopped by Kevin Poulin with a rebound.
0:56 of 2nd period - Snap shot by Thomas Hickey.
0:56 of 2nd period - Goal by Thomas Hickey - Hurricanes : 4 - Panthers : 1.
0:56 of 2nd period - Robin Lehner enters game.
0:57 of 2nd period - Eric Staal wins face-off versus Charlie Coyle in neutral zone.
0:59 of 2nd period - Minor Penalty to Calvin de Haan for High sticking.
1:00 of 2nd period - Mike Fisher wins face-off versus Alexander Semin in Panthers zone.
1:51 of 2nd period - Alexander Semin is hit by Kris Versteeg and loses puck.
1:56 of 2nd period - Snap shot by Eric Staal.
1:56 of 2nd period - Stopped by Robin Lehner with a rebound.
1:58 of 2nd period - Snap shot by Thomas Hickey.
1:58 of 2nd period - Shot Blocked by Adam Larsson.
2:00 of 2nd period - Slapshot by Thomas Hickey.
2:00 of 2nd period - Shot Misses the Net.
2:02 of 2nd period - Slapshot by Marco Scandella.
2:02 of 2nd period - Deflect By Adam Larsson.
2:02 of 2nd period - Stopped by Robin Lehner with a rebound.
2:28 of 2nd period - Josh Bailey is hit by Nino Niederreiter.
2:59 of 2nd period - Penalty to Calvin de Haan is over, Calvin de Haan is back on ice.
3:56 of 2nd period - Snap shot by Andrew Ebbett.
3:56 of 2nd period - Stopped by Robin Lehner with a rebound.
3:58 of 2nd period - Snap shot by Stephen Gionta.
3:58 of 2nd period - Shot Misses the Net.
4:16 of 2nd period - Wrist shot by Viktor Stalberg.
4:16 of 2nd period - Shot Misses the Net.
4:18 of 2nd period - Wrist shot by Stephane Robidas.
4:18 of 2nd period - Stopped by Robin Lehner with a rebound.
4:20 of 2nd period - Wrist shot by Jared Spurgeon.
4:20 of 2nd period - Stopped by Robin Lehner with a rebound.
4:50 of 2nd period - Wrist shot by Charlie Coyle.
4:50 of 2nd period - Stopped by Brian Elliott with a rebound.
5:00 of 2nd period - Wrist shot by Jakob Silfverberg.
5:00 of 2nd period - Shot Blocked by Stephane Robidas.
6:12 of 2nd period - Wrist shot by Brad Boyes.
6:12 of 2nd period - Stopped by Brian Elliott without a rebound.
6:13 of 2nd period - Ryan Johansen wins face-off versus Andrew Ebbett in Hurricanes zone.
6:35 of 2nd period - Slapshot by Andrew Ebbett.
6:35 of 2nd period - Shot Blocked by Calvin de Haan.
6:37 of 2nd period - Slapshot by Marco Scandella.
6:37 of 2nd period - Shot Blocked by Simon Despres.
6:39 of 2nd period - Slapshot by Thomas Hickey.
6:39 of 2nd period - Shot Misses the Net.
6:53 of 2nd period - Minor Penalty to Alexander Semin for Hooking.
6:54 of 2nd period - Mike Fisher wins face-off versus Alex Galchenyuk in Panthers zone.
7:18 of 2nd period - Snap shot by Marian Gaborik.
7:18 of 2nd period - Shot Misses the Net.
7:20 of 2nd period - Snap shot by Josh Bailey.
7:20 of 2nd period - Deflect By Marian Gaborik.
7:20 of 2nd period - Stopped by Robin Lehner with a rebound.
7:22 of 2nd period - Slapshot by Jared Spurgeon.
7:22 of 2nd period - Stopped by Robin Lehner with a rebound.
7:48 of 2nd period - Adam Larsson is hit by Eric Staal and loses puck.
8:09 of 2nd period - Wrist shot by Jiri Hudler.
8:09 of 2nd period - Deflect By Eric Staal.
8:09 of 2nd period - Shot Misses the Net.
8:09 of 2nd period - Puck is out of play.
8:10 of 2nd period - Jiri Hudler wins face-off versus Brad Boyes in Panthers zone.
8:29 of 2nd period - Wrist shot by Jiri Hudler.
8:29 of 2nd period - Shot Blocked by Robert Bortuzzo.
8:39 of 2nd period - Robert Bortuzzo is hit by Mike Fisher and loses puck.
8:53 of 2nd period - Penalty to Alexander Semin is over, Alexander Semin is back on ice.
9:54 of 2nd period - Slapshot by Jared Spurgeon.
9:54 of 2nd period - Shot Hit the Post.
9:56 of 2nd period - Snap shot by Viktor Stalberg.
9:56 of 2nd period - Hurricanes goal is going for a video replay.
9:56 of 2nd period - The goal is refused. The net was displaced accidentally..
9:57 of 2nd period - Vladislav Namestnikov wins face-off versus Kris Versteeg in Panthers zone.
11:12 of 2nd period - Stephen Gionta is hit by Robert Bortuzzo and loses puck.
11:44 of 2nd period - Alexander Semin is hit by Fedor Tyutin and loses puck.
11:55 of 2nd period - Wrist shot by Marian Gaborik.
11:55 of 2nd period - Deflect By Paul Byron.
11:55 of 2nd period - Goal by Marian Gaborik - Hurricanes : 5 - Panthers : 1.
11:56 of 2nd period - Charlie Coyle wins face-off versus Eric Staal in neutral zone.
11:59 of 2nd period - Slapshot by Jakob Silfverberg.
11:59 of 2nd period - Shot Misses the Net.
12:56 of 2nd period - Wrist shot by Marian Gaborik.
12:56 of 2nd period - Stopped by Robin Lehner with a rebound.
13:06 of 2nd period - Minor Penalty to Mike Fisher for Cross-checking.
13:07 of 2nd period - Ryan Johansen wins face-off versus Andrew Ebbett in Hurricanes zone.
13:10 of 2nd period - Wrist shot by Brad Boyes.
13:10 of 2nd period - Shot Misses the Net.
13:14 of 2nd period - Wrist shot by Ryan Johansen.
13:14 of 2nd period - Shot Misses the Net.
13:16 of 2nd period - Slapshot by Adam Larsson.
13:16 of 2nd period - Shot Misses the Net.
13:18 of 2nd period - Slapshot by Ron Hainsey.
13:18 of 2nd period - Stopped by Brian Elliott with a rebound.
13:20 of 2nd period - Slapshot by Adam Larsson.
13:20 of 2nd period - Shot Blocked by Mike Weaver.
13:22 of 2nd period - Slapshot by Ron Hainsey.
13:22 of 2nd period - Shot Blocked by Fedor Tyutin.
13:24 of 2nd period - Snap shot by Adam Larsson.
13:24 of 2nd period - Shot Misses the Net.
13:26 of 2nd period - Slapshot by Adam Larsson.
13:26 of 2nd period - Stopped by Brian Elliott without a rebound.
13:27 of 2nd period - Andrew Ebbett wins face-off versus Ryan Johansen in Hurricanes zone.
15:06 of 2nd period - Penalty to Mike Fisher is over, Mike Fisher is back on ice.
15:18 of 2nd period - Martin Hanzal is hit by Paul Byron and loses puck.
15:25 of 2nd period - Snap shot by Paul Byron.
15:25 of 2nd period - Stopped by Brian Elliott with a rebound.
15:41 of 2nd period - Slapshot by Calvin de Haan.
15:41 of 2nd period - Shot Blocked by Thomas Hickey.
15:43 of 2nd period - Slapshot by Ryan Johansen.
15:43 of 2nd period - Stopped by Brian Elliott with a rebound.
15:45 of 2nd period - Slapshot by Lubomir Visnovsky.
15:45 of 2nd period - Stopped by Brian Elliott with a rebound.
15:47 of 2nd period - Wrist shot by Sean Bergenheim.
15:47 of 2nd period - Stopped by Brian Elliott with a rebound.
15:49 of 2nd period - Snap shot by Ryan Johansen.
15:49 of 2nd period - Shot Misses the Net.
15:51 of 2nd period - Slapshot by Vladislav Namestnikov.
15:51 of 2nd period - Shot Blocked by Thomas Hickey.
15:59 of 2nd period - Minor Penalty to Kris Versteeg for Tripping.
16:00 of 2nd period - Ryan Johansen wins face-off versus Andrew Ebbett in Hurricanes zone.
16:39 of 2nd period - Fedor Tyutin is hit by Ron Hainsey and loses puck.
16:56 of 2nd period - Andrew Ebbett is hit by Alex Galchenyuk.
16:59 of 2nd period - Off-side.
17:00 of 2nd period - Kevin Hayes wins face-off versus Andrew Ebbett in neutral zone.
17:31 of 2nd period - Wrist shot by Matt Read.
17:31 of 2nd period - Shot Blocked by Jakob Silfverberg.
17:33 of 2nd period - Snap shot by Matt Read.
17:33 of 2nd period - Stopped by Robin Lehner without a rebound.
17:34 of 2nd period - Martin Hanzal wins face-off versus Alexander Semin in Panthers zone.
17:59 of 2nd period - Penalty to Kris Versteeg is over, Kris Versteeg is back on ice.
18:16 of 2nd period - Snap shot by Kevin Hayes.
18:16 of 2nd period - Stopped by Brian Elliott without a rebound.
18:17 of 2nd period - Mike Fisher wins face-off versus Kevin Hayes in Hurricanes zone.
18:43 of 2nd period - Minor Penalty to Alexander Semin for Roughing.
18:44 of 2nd period - Eric Staal wins face-off versus Paul Byron in Panthers zone.
18:48 of 2nd period - Snap shot by Eric Staal.
18:48 of 2nd period - Shot Blocked by Ron Hainsey.
18:50 of 2nd period - Slapshot by Jared Spurgeon.
18:50 of 2nd period - Stopped by Robin Lehner with a rebound.
18:52 of 2nd period - Slapshot by Jared Spurgeon.
18:52 of 2nd period - Deflect By Jiri Hudler.
18:52 of 2nd period - Shot Blocked by Adam Larsson.
18:52 of 2nd period - Puck is out of play.
18:53 of 2nd period - Eric Staal wins face-off versus Paul Byron in Panthers zone.
19:02 of 2nd period - Snap shot by Eric Staal.
19:02 of 2nd period - Goal by Eric Staal - Hurricanes : 6 - Panthers : 1.
19:03 of 2nd period - Ryan Johansen wins face-off versus Martin Hanzal in neutral zone.
19:18 of 2nd period - Snap shot by Brad Boyes.
19:18 of 2nd period - Stopped by Brian Elliott with a rebound.
19:20 of 2nd period - Slapshot by Brad Boyes.
19:20 of 2nd period - Shot Misses the Net.
19:58 of 2nd period - Marco Scandella is hit by Nino Niederreiter and loses puck.
Goals for this period are 3 for Hurricanes vs 0 for Panthers.
Shots for this period are 15 for Hurricanes vs 10 for Panthers.

3rd period


0:01 of 3rd period - Alex Galchenyuk wins face-off versus Mike Fisher in neutral zone.
0:08 of 3rd period - Wrist shot by Brad Boyes.
0:08 of 3rd period - Stopped by Brian Elliott with a rebound.
0:10 of 3rd period - Snap shot by Adam Larsson.
0:10 of 3rd period - Stopped by Brian Elliott without a rebound.
0:11 of 3rd period - Ryan Johansen wins face-off versus Mike Fisher in Hurricanes zone.
0:14 of 3rd period - Snap shot by Ryan Johansen.
0:14 of 3rd period - Stopped by Brian Elliott with a rebound.
0:22 of 3rd period - Snap shot by Brad Boyes.
0:22 of 3rd period - Shot Blocked by Mike Fisher.
0:42 of 3rd period - Wrist shot by Alex Galchenyuk.
0:42 of 3rd period - Deflect By Jared Spurgeon.
0:42 of 3rd period - Shot Misses the Net.
0:42 of 3rd period - Puck is out of play.
0:43 of 3rd period - Eric Staal wins face-off versus Charlie Coyle in Hurricanes zone.
1:02 of 3rd period - Icing by Simon Despres.
1:03 of 3rd period - Charlie Coyle wins face-off versus Eric Staal in Panthers zone.
2:04 of 3rd period - Matt Read is hit by Ryan Johansen and loses puck.
2:25 of 3rd period - Snap shot by Mike Fisher.
2:25 of 3rd period - Shot Misses the Net.
2:38 of 3rd period - Icing by Mike Fisher.
2:39 of 3rd period - Mike Fisher wins face-off versus Kevin Hayes in Hurricanes zone.
2:46 of 3rd period - Adam Larsson is hit by Mike Fisher and loses puck.
2:53 of 3rd period - Marian Gaborik is hit by Adam Larsson and loses puck.
3:36 of 3rd period - Wrist shot by Jiri Hudler.
3:36 of 3rd period - Goal by Jiri Hudler - Hurricanes : 7 - Panthers : 1.
3:37 of 3rd period - Ryan Johansen wins face-off versus Martin Hanzal in neutral zone.
3:40 of 3rd period - Wrist shot by Alex Galchenyuk.
3:40 of 3rd period - Goal by Alex Galchenyuk - Hurricanes : 7 - Panthers : 2.
3:41 of 3rd period - Ryan Johansen wins face-off versus Martin Hanzal in neutral zone.
4:00 of 3rd period - Wrist shot by Brad Boyes.
4:00 of 3rd period - Shot Blocked by Stephane Robidas.
5:44 of 3rd period - Wrist shot by Paul Byron.
5:44 of 3rd period - Shot Misses the Net.
6:06 of 3rd period - Marco Scandella is hit by Ryan Johansen and loses puck.
8:01 of 3rd period - Stephane Robidas is hit by Robert Bortuzzo and loses puck.
8:12 of 3rd period - Wrist shot by Jakob Silfverberg.
8:12 of 3rd period - Goal by Jakob Silfverberg - Hurricanes : 7 - Panthers : 3.
8:13 of 3rd period - Charlie Coyle wins face-off versus Martin Hanzal in neutral zone.
9:20 of 3rd period - Brad Boyes is hit by Stephen Gionta and loses puck.
9:39 of 3rd period - Off-side.
9:40 of 3rd period - Charlie Coyle wins face-off versus Jiri Hudler in neutral zone.
9:42 of 3rd period - Minor Penalty to Charlie Coyle for Tripping.
9:43 of 3rd period - Alexander Semin wins face-off versus Eric Staal in Panthers zone.
9:59 of 3rd period - Slapshot by Jiri Hudler.
9:59 of 3rd period - Shot Misses the Net.
10:01 of 3rd period - Slapshot by Stephane Robidas.
10:01 of 3rd period - Shot Blocked by Adam Larsson.
10:03 of 3rd period - Slapshot by Jared Spurgeon.
10:03 of 3rd period - Shot Blocked by Ron Hainsey.
10:05 of 3rd period - Wrist shot by Jared Spurgeon.
10:05 of 3rd period - Deflect By Jiri Hudler.
10:05 of 3rd period - Shot Misses the Net.
10:05 of 3rd period - Puck is out of play.
10:06 of 3rd period - Eric Staal wins face-off versus Alexander Semin in Panthers zone.
10:07 of 3rd period - Snap shot by Jiri Hudler.
10:07 of 3rd period - Shot Blocked by Robert Bortuzzo.
10:23 of 3rd period - Slapshot by Jiri Hudler.
10:23 of 3rd period - Deflect By Eric Staal.
10:23 of 3rd period - Shot Misses the Net.
10:23 of 3rd period - Puck is out of play.
10:24 of 3rd period - Eric Staal wins face-off versus Alexander Semin in Panthers zone.
10:25 of 3rd period - Slapshot by Jiri Hudler.
10:25 of 3rd period - Stopped by Robin Lehner with a rebound.
10:27 of 3rd period - Slapshot by Jared Spurgeon.
10:27 of 3rd period - Shot Blocked by Simon Despres.
10:53 of 3rd period - Slapshot by Marco Scandella.
10:53 of 3rd period - Shot Misses the Net.
10:55 of 3rd period - Snap shot by Mike Fisher.
10:55 of 3rd period - Goal by Mike Fisher - Hurricanes : 8 - Panthers : 3.
10:56 of 3rd period - Charlie Coyle wins face-off versus Andrew Ebbett in neutral zone.
11:23 of 3rd period - Wrist shot by Charlie Coyle.
11:23 of 3rd period - Stopped by Brian Elliott with a rebound.
11:25 of 3rd period - Backhand shot by Ron Hainsey.
11:25 of 3rd period - Shot Misses the Net.
11:27 of 3rd period - Slapshot by Nino Niederreiter.
11:27 of 3rd period - Stopped by Brian Elliott without a rebound.
11:28 of 3rd period - Eric Staal wins face-off versus Ryan Johansen in Hurricanes zone.
11:33 of 3rd period - Ryan Johansen is hit by Eric Staal and loses puck.
11:40 of 3rd period - Slapshot by Robert Bortuzzo.
11:40 of 3rd period - Shot Blocked by Stephane Robidas.
12:41 of 3rd period - Matt Read is hit by Robert Bortuzzo and loses puck.
14:04 of 3rd period - Snap shot by Brad Boyes.
14:04 of 3rd period - Shot Blocked by Fedor Tyutin.
14:06 of 3rd period - Snap shot by Ryan Johansen.
14:06 of 3rd period - Shot Blocked by Mike Weaver.
15:05 of 3rd period - Stephane Robidas is hit by Charlie Coyle and loses puck.
15:14 of 3rd period - Thomas Hickey is hit by Ron Hainsey and loses puck.
15:27 of 3rd period - Thomas Hickey is hit by Carlo Colaiacovo and loses puck.
17:01 of 3rd period - Mike Fisher is hit by Robert Bortuzzo and loses puck.
17:12 of 3rd period - Kevin Hayes is hit by Thomas Hickey and loses puck.
17:29 of 3rd period - Backhand shot by Charlie Coyle.
17:29 of 3rd period - Shot Blocked by Jiri Hudler.
17:51 of 3rd period - Wrist shot by Alexander Semin.
17:51 of 3rd period - Shot Blocked by Thomas Hickey.
17:53 of 3rd period - Wrist shot by Kevin Hayes.
17:53 of 3rd period - Shot Blocked by Marco Scandella.
17:55 of 3rd period - Wrist shot by Ron Hainsey.
17:55 of 3rd period - Stopped by Brian Elliott with a rebound.
17:59 of 3rd period - Wrist shot by Alexander Semin.
17:59 of 3rd period - Shot Misses the Net.
18:01 of 3rd period - Snap shot by Kevin Hayes.
18:01 of 3rd period - Shot Misses the Net.
18:17 of 3rd period - Ryan Johansen is hit by Fedor Tyutin and loses puck.
18:48 of 3rd period - Snap shot by Alexander Semin.
18:48 of 3rd period - Shot Blocked by Fedor Tyutin.
18:50 of 3rd period - Snap shot by Sean Bergenheim.
18:50 of 3rd period - Stopped by Brian Elliott with a rebound.
18:52 of 3rd period - Snap shot by Robert Bortuzzo.
18:52 of 3rd period - Deflect By Alexander Semin.
18:52 of 3rd period - Shot Misses the Net.
18:52 of 3rd period - Puck is out of play.
18:53 of 3rd period - Vladislav Namestnikov wins face-off versus Martin Hanzal in Hurricanes zone.
18:54 of 3rd period - Snap shot by Alexander Semin.
18:54 of 3rd period - Shot Misses the Net.
18:56 of 3rd period - Slapshot by Robert Bortuzzo.
18:56 of 3rd period - Stopped by Brian Elliott with a rebound.
18:58 of 3rd period - Wrist shot by Lubomir Visnovsky.
18:58 of 3rd period - Shot Blocked by Jared Spurgeon.
19:14 of 3rd period - Wrist shot by Marian Gaborik.
19:14 of 3rd period - Shot Misses the Net.
19:16 of 3rd period - Backhand shot by Jared Spurgeon.
19:16 of 3rd period - Shot Misses the Net.
19:18 of 3rd period - Snap shot by Stephane Robidas.
19:18 of 3rd period - Stopped by Robin Lehner with a rebound.
19:20 of 3rd period - Slapshot by Mike Fisher.
19:20 of 3rd period - Stopped by Robin Lehner with a rebound.
19:22 of 3rd period - Slapshot by Stephane Robidas.
19:22 of 3rd period - Stopped by Robin Lehner without a rebound.
19:23 of 3rd period - Mike Fisher wins face-off versus Charlie Coyle in Panthers zone.
19:30 of 3rd period - Wrist shot by Marian Gaborik.
19:30 of 3rd period - Stopped by Robin Lehner with a rebound.
Goals for this period are 2 for Hurricanes vs 2 for Panthers.
Shots for this period are 7 for Hurricanes vs 10 for Panthers.